 Dungeon Crawl Stone Soup version 0.30-a0-639-g3916f1956a (webtiles) character file.

Game seed: 15050900696473955140

42486 browni3141 the Unseen (level 14, -3/88 HPs)
             Began as a Kobold Brigand on Jan 15, 2023.
             Was a Believer of Wu Jian.
             Slain by an eight-headed hydra (5 damage)
             ... while petrified by a catoblepas
             ... on level 5 of the Lair of Beasts.
             The game lasted 00:36:50 (19118 turns).

browni3141 the Unseen (Kobold Brigand)             Turns: 19118, Time: 00:36:51

Health: -3/88      AC:  8    Str:  9    XL:     14   Next: 55%
Magic:  0/15       EV:  3    Int: 15    God:    Wu Jian [**....]
Gold:   1210       SH:  0    Dex: 30    Spells: 14/15 levels left

rFire   . . .      SeeInvis .    N - +1 rapier (speed)
rCold   . . .      Faith    .    (no shield)
rNeg    + + +      Spirit   +    U - +2 robe {Will+}
rPois   ∞          Reflect  .    (no helmet)
rElec   +          Harm     .    Z - +2 cloak {rCorr}
rCorr   +          Rampage  .    r - +0 pair of fencer's gloves {Riposte Dex+3}
Will    +++..                    (no boots)
Stlth   ++++++++++               n - amulet of Zysiott {Spirit Int+3 Stlth+}
HPRegen 0.34/turn                o - +5 ring of evasion
MPRegen 0.14/turn                W - ring of Lucidity {Contam rElec rPois Will+ Dex+6}

@: petrified
A: small, no large weapons, nightstalker 3
a: Renounce Religion, Wall Jump


You were on level 5 of the Lair of Beasts.
You worshipped Wu Jian.
Wu Jian was pleased with you.
You visited 3 branches of the dungeon, and saw 16 of its levels.
You also visited: Ossuary and Volcano.

You collected 1210 gold pieces.

Inventory:

Hand Weapons
 N - a +1 rapier of speed (weapon)
Missiles
 d - 30 poisoned darts (quivered)
 e - 4 curare-tipped darts
 I - 5 throwing nets
 J - 5 atropa-tipped darts
Armour
 b - a +0 kite shield
 r - the +0 pair of fencer's gloves (worn) {Riposte Dex+3}
   (You acquired it on level 3 of the Lair of Beasts)

   Riposte:   It allows the wearer to riposte with melee weapons, swiftly
   retaliating against missed or blocked melee attacks.
   Dex:       It affects your dexterity (+3).
 D - a +1 leather armour of fire resistance
 M - a scarf of invisibility
 U - a +2 robe of willpower (worn)
 Z - a +2 cloak of preservation (worn)
Jewellery
 c - an amulet of faith
 i - a ring of positive energy
 m - a ring of magical power
 n - the amulet of Zysiott (around neck) {Spirit Int+3 Stlth+}
   (You found it on level 2 of the Dungeon)

   [amulet of guardian spirit]

   It causes incoming damage to be divided between your reserves of health and
   magic.
   Int:       It affects your intelligence (+3).
   Stlth:     It makes you more stealthy.
 o - a +5 ring of evasion (left hand)
 A - an amulet of magic regeneration
 H - an amulet of the acrobat
 K - a ring of see invisible
 T - a ring of flight
 W - the ring of Lucidity (right hand) {Contam rElec rPois Will+ Dex+6}
   (You took it off an orc on level 9 of the Dungeon)

   [ring of dexterity]

   Dex:       It affects your dexterity (+6).
   rElec:     It insulates you from electricity.
   rPois:     It protects you from poison.
   Contam:    It causes magical contamination when unequipped.
   Will:      It increases your willpower.
Wands
 p - a wand of roots (3)
 q - a wand of polymorph (12)
 t - a wand of digging (6)
 x - a wand of flame (48)
 O - a wand of light (2)
 Q - a wand of charming (27)
Scrolls
 a - 2 scrolls of fog
 h - 2 scrolls of poison
 j - 4 scrolls of fear
 k - 5 scrolls of vulnerability
 l - 7 scrolls of teleportation
 u - 3 scrolls of immolation
 v - 2 scrolls of summoning
 y - 4 scrolls of enchant weapon
 F - 4 scrolls of torment
 G - 3 scrolls of brand weapon
 L - 3 scrolls of identify
Potions
 f - 5 potions of lignification
 g - 2 potions of cancellation
 s - 2 potions of invisibility {unknown}
 w - 5 potions of attraction
 z - 8 potions of brilliance
 B - 4 potions of might {unknown}
 C - 6 potions of curing
 E - 4 potions of magic
 P - a potion of berserk rage {unknown}
 R - 3 potions of haste
 S - 3 potions of heal wounds {unknown}
 Y - 2 potions of degeneration {unknown}
Miscellaneous
 V - a phial of floods
 X - a tin of tremorstones (2/2)


   Skills:
 + Level 10.4 Fighting
 + Level 12.1 Short Blades
 - Level 2.1 Throwing
 * Level 15.2 Dodging
 * Level 18.5 Stealth
 * Level 2.7 Shields
 - Level 1.0 Spellcasting
 - Level 2.0 Translocations
 + Level 10.9 Evocations


You had 14 spell levels left.
You knew the following spells:

 Your Spells              Type           Power      Damage    Failure   Level
a - Apportation           Tloc           12%        N/A       11%         1

Your spell library contained the following spells:

 Spells                   Type           Power      Damage    Failure   Level
 Kiss of Death            Conj/Necr      0%         2d5       24%         1
 Poisonous Vapours        Pois/Air       0%         N/A       36%         2
 Dazzling Flash           Conj/Hex       0%         N/A       58%         3
 Airstrike                Air            0%         2d(0-16)  94%         4
 Anguish                  Hex/Necr       0%         N/A       94%         4
 Summon Lightning Spire   Summ/Air       0%         N/A       94%         4
 Agony                    Necr           0%         N/A       100%        5
 Alistair's Intoxication  Tmut/Pois      0%         N/A       100%        5
 Fireball                 Conj/Fire      0%         3d3       100%        5
 Lightning Bolt           Conj/Air       0%         1d11      100%        5
 Silence                  Hex/Air        0%         N/A       100%        5
 Eringya's Noxious Bog    Tmut/Pois      0%         N/A       100%        6
 Enfeeble                 Hex            0%         N/A       100%        7


Dungeon Overview and Level Annotations

Branches:
Dungeon (10/15)            Temple (1/1) D:5            Lair (5/5) D:10
  Swamp (0/4) Lair:2       Spider (0/4) Lair:2        Slime (0/5) Lair:4
    Orc (0/2) D:9         Ossuary (visited)         Volcano (visited)

Altars:
Ashenzari
Cheibriados
Dithmenos
Elyvilon
Fedhas
Gozag
Hepliaklqana
Kikubaaqudgha
Makhleb
Nemelex Xobeh
Okawaru
Qazlal
Ru
Sif Muna
Trog
Uskayaw
Vehumet
Wu Jian
Xom
Yredelemnul
Zin
The Shining One

Shops:
D:7 (   D:9 (   D:10 [

Annotations:
D:8 exclusion: door


Innate Abilities, Weirdness & Mutations

You are small and have problems with some larger weapons.
You are completely attuned to the shadows.


Message History

The catoblepas is moderately wounded.
The cane toad closely misses you.
You have turned to stone.
An eight-headed hydra comes into view.
The cane toad stings you but does no damage.
The catoblepas breathes a plume of calcifying dust at you.
The blast of calcifying dust hits you.
You are engulfed in calcifying dust.
A blink frog comes into view.
The cane toad stings you. The catoblepas gores you!
You are engulfed in calcifying dust.
The cane toad stings you but does no damage.
The catoblepas breathes a plume of calcifying dust at you.
The blast of calcifying dust hits you.
The blink frog gives a loud, deep croak!
You are engulfed in calcifying dust.
You hear a loud, deep croak!
You hear an angry hiss.
You hear a trumpeting! x3
The cane toad stings you!! The catoblepas gores you!
You are engulfed in calcifying dust.
The wyvern completely misses you. The cane toad stings you!!
The blink frog blinks!
The wyvern bites you. The catoblepas gores you!!
* * * LOW HITPOINT WARNING * * *
You hear a croak.
You hear a trumpeting!
You hear a croak.
You hear a trumpeting! x2
The wyvern bites you!
* * * LOW HITPOINT WARNING * * *
A blink frog comes into view.
The catoblepas gores you!!
* * * LOW HITPOINT WARNING * * *
You hear an angry hiss.
The wyvern bites you but does no damage.
The eight-headed hydra bites you.
* * * LOW HITPOINT WARNING * * *
The eight-headed hydra bites you.
* * * LOW HITPOINT WARNING * * *
The eight-headed hydra bites you but does no damage.
The eight-headed hydra bites you!
* * * LOW HITPOINT WARNING * * *
The eight-headed hydra bites you but does no damage.
The eight-headed hydra bites you!
You die...

.... ..
###.#.. ..#
.....!.
...###......
.....!.....Y
.#.........
+..†..†...
##l.F.#...#
#@YF†....##
.###D........
#...F........
..l..##....
##.........
#.........
###.#......
...##.......
.....###...#


You could see a catoblepas, an eight-headed hydra, a cane toad, 2 blink frogs
and a wyvern.

Vanquished Creatures
  A hydra (Lair:2)
  A catoblepas (Lair:3)
  Harold (D:9)
  Erica (Lair:1)
  A boulder beetle (Lair:2)
  9 death yaks
  Nergalle (D:10)
  Amaemon (D:8)
  2 skeletal warriors (Volcano)
  2 anaconda skeletons (Volcano)
  Pikel (D:8)
  An ugly thing (D:9)
  5 oklob plants
  Maurice (D:9)
  Joseph (D:9)
  2 black mambas
  An orange demon (D:8)
  Maggie (D:7)
  An unseen horror (D:10)
  3 gargoyles (Volcano)
  A torpor snail (Lair:4)
  13 cane toads
  A rime drake (Lair:3)
  6 komodo dragons
  6 polar bears
  A troll (D:10)
  3 hornets
  12 blink frogs
  9 dream sheep
  Prince Ribbit (D:6)
  Sigmund (D:3)
  A flying skull (Volcano)
  A water elemental (D:10)
  A wyvern (D:10)
  2 jumping spiders (Lair:2)
  The ghost of yumyumyeen the Sneak, an amateur SpEn of Dithmenos (D:4)
  An air elemental (D:10)
  A vampire (D:9)
  A wraith (D:9)
  35 yaks
  3 fire bats (Lair:2)
  A fire elemental (D:10)
  2 steam dragons (D:10)
  3 vampire mosquitoes (D:8)
  A redback (Lair:2)
  3 acid dragons (D:10)
  8 water moccasins
  An ice beast (D:8)
  A black bear (D:6)
  An orc warrior (D:8)
  3 wolves (Lair:4)
  2 centaurs
  A lemure (D:8)
  A phantom (D:4)
  6 kobold brigands
  13 bullfrogs
  2 elf zombies (Ossuary)
  A gnoll sergeant (D:9)
  2 scorpions (D:5)
  3 necrophages
  An earth elemental (D:10)
  6 wights
  4 killer bees (D:9)
  2 spriggan skeletons (Volcano)
  3 howler monkeys
  4 crimson imps (D:6)
  A bullfrog skeleton (D:4)
  A gnoll bouda (D:5)
  3 hounds (D:5)
  A jelly (D:6)
  An orc priest (D:6)
  Ijyb (D:3)
  Crazy Yiuf (D:3)
  Jessica (D:3)
  6 iguanas
  Terence (D:3)
  Natasha (thrice) (D:3)
  6 orc wizards
  A naga skeleton (Volcano)
  2 mummies (Ossuary)
  18 gnolls
  A howler monkey skeleton (D:4)
  4 adders
  2 white imps (D:7)
  3 ufetubi
  3 adder zombies (Ossuary)
  A worm (D:3)
  3 dart slugs
  22 orcs
  8 endoplasms
  2 giant cockroaches
  7 goblins
  A hobgoblin (D:1)
  2 jackals (D:1)
  2 quokkas
  4 ball pythons
  3 bats
  3 frilled lizards
  A goblin zombie (Ossuary)
  10 hobgoblin zombies (Ossuary)
  2 jackal zombies (Ossuary)
  28 kobolds
  9 kobold zombies (Ossuary)
  8 orc zombies (Ossuary)
  A quokka zombie (D:4)
  4 rats
  3 rat zombies
397 creatures vanquished.

Vanquished Creatures (collateral kills)
  A vampire mosquito (D:8)
  A killer bee (D:9)
2 creatures vanquished.

Vanquished Creatures (others)
  2 killer bees (D:9)
  13 fungi
  11 plants
26 creatures vanquished.

Grand Total: 425 creatures vanquished

Notes
Turn   | Place    | Note
-------+----------+-------------------------------------------
     0 | D:1      | browni3141 the Kobold Brigand began the quest for the Orb.
     0 | D:1      | Reached XP level 1. HP: 12/12 MP: 1/1
   201 | D:1      | Reached XP level 2. HP: 18/18 MP: 2/2
   712 | D:1      | Reached XP level 3. HP: 22/22 MP: 3/3
   850 | D:1      | Learned a level 1 spell: Apportation
   889 | D:2      | Found a faded altar of an unknown god.
  1100 | D:2      | Identified the amulet of Zysiott {Spirit Int+3 Stlth+}
  1140 | D:2      | Reached skill level 6 in Stealth
  1274 | D:2      | Reached XP level 4. HP: 26/27 MP: 4/4
  1629 | D:3      | Noticed Terence
  1631 | D:3      | Killed Terence
  1697 | D:3      | Noticed Jessica
  1697 | D:3      | Noticed Natasha
  1703 | D:3      | Killed Natasha
  1703 | D:3      | Killed Jessica
  1704 | D:3      | Reached XP level 5. HP: 32/32 MP: 5/5
  1705 | D:3      | Noticed Ijyb
  1723 | D:3      | Killed Ijyb
  1724 | D:3      | Reached skill level 1 in Evocations
  1724 | D:3      | Reached XP level 6. HP: 34/37 MP: 6/6
  1793 | D:3      | Noticed Natasha
  1806 | D:3      | Killed Natasha
  1807 | D:3      | Reached skill level 7 in Stealth
  1815 | D:3      | Noticed Sigmund
  1820 | D:3      | Killed Sigmund
  1821 | D:3      | Reached XP level 7. HP: 41/41 MP: 7/7
  1914 | D:3      | Found a runed translucent door.
  1917 | D:3      | Noticed Crazy Yiuf
  2192 | D:3      | Noticed Natasha
  2208 | D:3      | Killed Natasha
  2471 | D:3      | Killed Crazy Yiuf
  2599 | D:4      | Found a radiant altar of Vehumet.
  2771 | D:4      | Found a sand-covered staircase.
  2791 | Ossuary  | Entered an ossuary
  3044 | Ossuary  | Reached skill level 5 in Dodging
  3044 | Ossuary  | Reached skill level 8 in Stealth
  3291 | D:4      | Found a runed translucent gate.
  3292 | D:4      | Found a runed translucent gate.
  3292 | D:4      | Found a runed translucent gate.
  3882 | D:4      | Reached XP level 8. HP: 21/48 MP: 8/8
  4119 | D:4      | Noticed yumyumyeen's ghost (amateur SpEn)
  4123 | D:4      | Identified the +1 chain mail of Vehumet's Esteem {rPois
                  | Str+2}
  4153 | D:4      | Killed yumyumyeen's ghost
  4273 | D:5      | Entered Level 5 of the Dungeon
  4303 | D:5      | Reached skill level 5 in Short Blades
  4684 | D:5      | Reached skill level 9 in Stealth
  5141 | D:5      | Reached skill level 5 in Evocations
  5160 | D:5      | Found a staircase to the Ecumenical Temple.
  5166 | Temple   | Entered the Ecumenical Temple
  5604 | D:6      | Reached XP level 9. HP: 24/51 MP: 9/9
  5744 | D:6      | Found a hazy altar of Hepliaklqana.
  5746 | D:6      | Noticed Prince Ribbit
  5767 | D:6      | Killed Prince Ribbit
  5768 | D:6      | Reached skill level 5 in Fighting
  5792 | D:6      | Reached skill level 10 in Stealth
  6036 | D:6      | Found a shimmering altar of Xom.
  6313 | D:6      | Reached skill level 1 in Spellcasting
  6313 | D:6      | Reached skill level 1 in Translocations
  7482 | D:7      | Noticed Maggie
  7487 | D:7      | Killed Maggie
  7488 | D:7      | Reached skill level 11 in Stealth
  7488 | D:7      | Reached XP level 10. HP: 60/60 MP: 11/11
  7806 | D:7      | Found Plog's Hydra Hut.
  7808 | D:7      | Noticed an eight-headed hydra
  7856 | D:7      | Found a glowing golden altar of the Shining One.
  8078 | D:8      | Noticed Pikel
  8084 | D:8      | Killed Pikel
  8190 | D:8      | Found an iron altar of Okawaru.
  8315 | D:8      | Reached skill level 12 in Stealth
  8461 | D:8      | Noticed an orange demon
  8986 | D:9      | Noticed Joseph
  9112 | D:9      | Identified 2 scrolls of acquirement
  9116 | D:9      | Acquired a +1 rapier of speed
  9119 | D:9      | Acquired a +1 pair of gloves of dexterity
  9303 | D:9      | Reached XP level 11. HP: 46/66 MP: 12/12
  9317 | D:9      | Reached skill level 10 in Dodging
  9335 | D:9      | Noticed Maurice
  9389 | D:9      | Reached skill level 13 in Stealth
  9686 | D:9      | Identified the ring of Lucidity {Contam rElec rPois Will+
                  | Dex+6}
  9753 | D:9      | Noticed a green ugly thing
  9793 | D:9      | Killed a green ugly thing
 10064 | D:9      | Killed Maurice
 10114 | D:9      | Found a staircase to the Orcish Mines.
 10118 | D:9      | Found Pythinwo's Weapon Shoppe.
 10160 | D:9      | Noticed Harold
 10167 | D:9      | Killed Harold
 10301 | D:9      | Found a broken altar of Ashenzari.
 10528 | D:9      | Killed Joseph
 10529 | D:9      | Reached skill level 14 in Stealth
 10531 | D:9      | Found Pythinwo's Weapon Shoppe.
 10533 | D:9      | Found a staircase to the Orcish Mines.
 10839 | D:9      | Found a broken altar of Ashenzari.
 11238 | D:8      | Noticed Amaemon
 11277 | D:8      | Killed Amaemon
 11549 | D:8      | Found an iron altar of Okawaru.
 12120 | D:10     | Entered Level 10 of the Dungeon
 12288 | D:10     | Reached XP level 12. HP: 59/73 MP: 10/13
 12480 | D:10     | Found Cheibriados's Comfort Zone.
 12481 | D:10     | Found a snail-covered altar of Cheibriados.
 12646 | D:10     | Found a staircase to the Lair.
 12895 | D:10     | Found an ornate altar of the Wu Jian Council.
 12900 | D:10     | Became a worshipper of the Wu Jian Council
 12907 | D:10     | Noticed Nergalle
 12910 | D:10     | Killed Nergalle
 13068 | D:10     | Reached skill level 15 in Stealth
 13229 | D:10     | Found a large runed translucent door.
 13230 | D:10     | Found a large runed translucent door.
 13753 | Lair:1   | Entered Level 1 of the Lair of Beasts
 13905 | Lair:1   | Reached skill level 10 in Short Blades
 14231 | Lair:1   | Noticed Erica
 14234 | Lair:1   | Killed Erica
 14235 | Lair:1   | Reached skill level 16 in Stealth
 14729 | Lair:1   | Reached XP level 13. HP: 80/80 MP: 14/14
 15102 | Lair:2   | Found a sacrificial altar of Ru.
 15124 | Lair:2   | Found a staircase to the Swamp.
 15239 | Lair:2   | Found a dark tunnel.
 15242 | Lair:2   | Reached * piety under Wu Jian
 15294 | Volcano  | Entered a volcano
 15700 | Lair:2   | Reached skill level 17 in Stealth
 15715 | Lair:2   | Noticed a five-headed hydra
 15717 | Lair:2   | Killed a five-headed hydra
 15775 | Lair:2   | Reached skill level 10 in Evocations
 16054 | Lair:2   | Found a hole to the Spider Nest.
 16497 | Lair:3   | Reached ** piety under Wu Jian
 16503 | Lair:3   | Acquired the +0 pair of fencer's gloves {Riposte Dex+3}
 16503 | Lair:3   | Found the +0 pair of fencer's gloves {Riposte Dex+3}
 16543 | Lair:3   | Noticed a catoblepas
 16551 | Lair:3   | Killed a catoblepas
 16814 | Lair:3   | Reached XP level 14. HP: 87/87 MP: 15/15
 16862 | Lair:3   | Reached skill level 10 in Fighting
 17884 | Lair:4   | Reached skill level 18 in Stealth
 17980 | Lair:4   | Reached skill level 1 in Shields
 18043 | Lair:4   | Found a staircase to the Slime Pits.
 18273 | Lair:4   | Reached skill level 15 in Dodging
 19003 | Lair:4   | Got the Encyclopedia of Intoxication and Arcane Weapons
 19027 | Lair:5   | Entered Level 5 of the Lair of Beasts
 19118 | Lair:5   | HP: 2/88 [eight-headed hydra (3)]
 19118 | Lair:5   | Slain by an eight-headed hydra

Illustrated notes

Levels and vault maps discovered:
D:1:      nicolae_arrival_washed_ashore, layout_loops_cross
D:2:      layout_basic, basic_ecumenical_altar
D:3:      layout_loops_ring, uniq_terence, uniq_sigmund,
          uniq_crazy_yiuf_cottage, uniq_jessica, uniq_natasha, uniq_ijyb
D:4:      layout_cave_pods, vehumet_altar_wand_db, enter_ossuary_4,
          gammafunk_ghost_necromancy, minivault_23, corner_web_ring
D:5:      layout_loops_ring, temple_green, st_stairs_3,
          chequers_serial_rivers_small_a
D:6:      layout_loops_cross, nicolae_hepliaklqana_hazy_memory, led_xom_imps,
          uniq_prince_ribbit1
D:7:      layout_basic, lemuel_tele_altar, doesnt_shop_hydraphobe, uniq_maggie
D:8:      layout_basic, overflow_temple_1_default, uniq_amaemon, uniq_pikel
D:9:      layout_cave_pools, nicolae_ashenzari_panopticon, orc_david_3,
          billiards_dpeg, uniq_joseph, uniq_maurice, uniq_harold
D:10:     layout_loops_corners, nzn_wu_jian_contemplation, dpeg_oklobed_lair,
          minmay_shop_chei, lightli_elemental_guards, uniq_nergalle
Temple:   eino_wide_crystal_templ
Lair:1:   layout_cave_pods, lemuel_fruit_tree, serial_bayou_shore_a, uniq_erica
Lair:2:   layout_loops_ring, swamp_mist, spider_nest_entry_a,
          nicolae_volcano_entry_batcave, basic_altar
Lair:3:   layout_layer_cave, st_stairs_11, grunt_megastairs_1,
          serial_bayou_shore_b
Lair:4:   minmay_lair_oklob_chamber, layout_gridlike, slime_entry_1,
          serial_rivers, chequers_serial_rivers_marsh,
          chequers_serial_rivers_large_b, chequers_serial_rivers_micro_d,
          chequers_serial_rivers_large_a, chequers_serial_rivers_micro_c,
          chequers_serial_rivers_room_b, lemuel_fruit_fields
Lair:5:   evilmike_catoblepas_cave, layout_misc_corridors,
          serial_bayou_lagoon_a, grunt_megastairs_4

Skill      XL: |  1  2  3  4  5  6  7  8  9 10 11 12 13 14 |
---------------+-------------------------------------------+-----
Short Blades   | 3 4 5 6 7 9 10 11 12 | 12.1
Dodging        | 2 3 4 5 6 8 9 11 13 14 15 | 15.2
Stealth        | 6 7 8 9 11 12 14 16 17 18 | 18.5
Fighting       | 3 4 5 6 7 8 9 10 | 10.4
Evocations     | 1 2 3 5 6 8 9 10 | 10.9
Spellcasting   | 1 |  1.0
Translocations | 1 2 |  2.0
Shields        | 2 |  2.7
Throwing       | |  2.1

Action                   |  1- 3 |  4- 6 |  7- 9 | 10-12 | 13-15 || total
-------------------------+-------+-------+-------+-------+-------++-------
Melee: Dagger            |    53 |    51 |   463 |       |       ||   567
       Punch             |       |     1 |    13 |    19 |    13 ||    46
       Short sword       |       |       |   189 |   143 |       ||   332
       Rapier            |       |       |       |   630 |   493 ||  1123
Throw: Dart              |     3 |     3 |    18 |     3 |    17 ||    44
Invok: Lunge             |       |       |       |    15 |    50 ||    65
       Whirlwind         |       |       |       |       |    73 ||    73
 Abil: Wall Jump         |       |       |       |       |     1 ||     1
Evoke: Wand              |       |     4 |    14 |    11 |     1 ||    30
       Tin of tremorston |       |       |       |     2 |       ||     2
       Phial of floods   |       |       |       |     1 |       ||     1
  Use: Scroll            |       |       |    14 |    11 |     3 ||    28
       Potion            |       |       |       |     1 |       ||     1
 Stab: Sleeping          |    17 |     7 |    45 |    33 |    52 ||   154
       Invisible         |       |       |     2 |     5 |     1 ||     8
       Distracted        |       |       |       |     2 |     5 ||     7
Armor: Robe              |    10 |     7 |    70 |    46 |    18 ||   151
       Acid dragon scale |       |       |       |     5 |       ||     5
Dodge: Dodged            |    31 |    34 |   511 |   546 |   183 ||  1305
       Rpst.: Rapier     |       |       |       |       |    29 ||    29

Table legend: (Time is in decaauts)
 A = Elapsed time spent in this place.
 B = Non-inter-level travel time spent in this place.
 C = Inter-level travel time spent in this place.
 D = Time resting spent in this place.
 E = Time spent auto-exploring this place.
 F = Levels seen in this place.
 G = Mean time per level.
                   A        B        C        D        E       F      G
               +--------+--------+--------+--------+--------+-----+--------+
         Total |  18493 |  17811 |    682 |    604 |  13840 |  18 | 1027.4 |
       Dungeon |  12823 |  12275 |    548 |    376 |   9737 |  10 | 1282.3 |
        Temple |     68 |     68 |      0 |      0 |     51 |   1 |   68.0 |
          Lair |   4937 |   4803 |    134 |    200 |   3845 |   5 |  987.4 |
       Ossuary |    363 |    363 |      0 |      0 |    138 |   1 |  363.0 |
       Volcano |    301 |    301 |      0 |     28 |     68 |   1 |  301.0 |
               +--------+--------+--------+--------+--------+-----+--------+

Top non-repeatable levels by time:
     D:8: 2186 daAuts
     D:9: 1740 daAuts
    D:10: 1504 daAuts
  Lair:3: 1421 daAuts
     D:4: 1334 daAuts
  Lair:4: 1311 daAuts
     D:6: 1255 daAuts
     D:7: 1214 daAuts
  Lair:1: 1107 daAuts
     D:5: 1086 daAuts
  Lair:2: 1016 daAuts
     D:3: 940 daAuts
     D:1: 851 daAuts
     D:2: 711 daAuts
 Ossuary: 363 daAuts
